 Dungeon Crawl Stone Soup version 0.20.1-1-g8b1a95d (webtiles) character file.

14886 Linguinho the Grappler (level 11, -1/101 HPs)
             Began as a Troll Hunter on Nov 14, 2017.
             Slain by a wolf spider zombie (12 damage)
             ... on level 14 of the Dungeon on Nov 15, 2017.
             The game lasted 00:28:11 (9522 turns).

Linguinho the Grappler (Troll Hunter)               Turns: 9522, Time: 00:28:12

Health: -1/101     AC:  7    Str: 25    XL:     11   Next: 94%
Magic:  11/11      EV: 10    Int: 13    God:
Gold:   717        SH:  0    Dex: 12    Spells: 10/10 levels left

rFire    + . .     SeeInvis .     - Unarmed
rCold    . . .     Gourm    +   (no shield)
rNeg     . . .     Faith    .   l - +0 troll leather armour
rPois    .         Spirit   .   (helmet restricted)
rElec    .         Reflect  .   N - scarf {cloud immunity}
rCorr    .         Harm     .   (gloves unavailable)
MR       .....                  (boots unavailable)
Stlth    ++........             Z - amulet of rage
Regen    1.1/turn               D - +1 ring of evasion
MPRegen  0.2/turn               I - +6 ring of intelligence

@: no status effects
A: unfitting armour, claws 3, thin skeletal structure 2, clumsy 1, deterioration
1, fire resistance 1, fast metabolism 3, gourmand, regeneration 1, shaggy fur 1,
tough skin 2, subdued magic 1
a: Evoke Berserk Rage


You were on level 14 of the Dungeon.
You were very full.

You visited 1 branch of the dungeon, and saw 14 of its levels.
You also visited: Sewer.

You collected 717 gold pieces.

Inventory:

Hand Weapons
 b - a +4 dire flail
 Q - a +0 giant spiked club
 T - a +3 flail of holy wrath
Missiles
 c - 5 large rocks (quivered)
 d - 4 throwing nets
 C - 6 javelins
 H - 13 tomahawks
Armour
 l - a +0 troll leather armour (worn)
 E - a +1 shield
 N - a scarf of cloud immunity (worn)
Jewellery
 D - a +1 ring of evasion (left claw)
 I - a +6 ring of intelligence (right claw)
 Z - an amulet of rage (around neck)
Wands
 u - a wand of flame (26/48)
 O - a wand of disintegration (24/24)
 P - a wand of digging (10/24)
 R - a wand of confusion (33/48)
 S - a wand of polymorph (8/24)
 U - a wand of enslavement (11/24)
 V - a wand of polymorph (11/24)
 Y - a wand of confusion (16/48)
Scrolls
 j - 5 scrolls of teleportation
 m - 4 scrolls of remove curse
 n - 3 scrolls of identify
 o - a scroll of enchant weapon
 s - 3 scrolls of amnesia
 v - a scroll of fog
 K - a scroll of recharging
Potions
 e - a potion of heal wounds
 g - a potion of magic
 h - 4 potions of brilliance
 k - a potion of might
 q - a potion of experience {unknown}
 w - a potion of berserk rage
 x - 5 potions of curing
 z - 2 potions of lignification
 M - 2 potions of flight
 X - a potion of agility
Books
 A - a book of Misfortune

   Spells                             Type                      Level
   a - Confusing Touch                Hexes                        1
   b - Confuse                        Hexes                        3
   c - Gell's Gravitas                Translocation                3
   d - Petrify                        Transmutation/Earth          4
   e - Metabolic Englaciation         Hexes/Ice                    5
   f - Yara's Violent Unravelling     Hexes/Transmutation          5
 F - a book of Frost

   Spells                             Type                      Level
   a - Freeze                         Ice                          1
   b - Throw Frost                    Conjuration/Ice              2
   c - Ozocubu's Armour               Charms/Ice                   3
   d - Throw Icicle                   Conjuration/Ice              4
   e - Summon Ice Beast               Ice/Summoning                4
Comestibles
 a - 3 fruits
 f - 11 bread rations
 i - 25 chunks of flesh
 p - 3 royal jellies
 J - 4 meat rations


   Skills:
 + Level 4.4 Fighting
   Level 0.1 Short Blades
 * Level 6.2 Maces & Flails
 + Level 8.4 Throwing
 + Level 1.8 Armour
 - Level 1.5 Dodging
 - Level 0.3 Stealth
 * Level 14.2 Unarmed Combat
 * Level 2.4 Evocations


You had 10 spell levels left.
You didn't know any spells.

Dungeon Overview and Level Annotations

Branches:
Dungeon (15/15)            Temple (0/1) D:5
   Lair: D:8-11         Orc: D:9-12      Vaults: D:13-14     Depths: D:15

Altars:
Ashenzari
Dithmenos
Fedhas
Qazlal
Uskayaw
Vehumet
Xom
Zin

Shops:
D:5 !


Innate Abilities, Weirdness & Mutations

You are too large for most types of armour.
You have claws for hands.
Your metabolism is lightning-fast.
You like to eat raw meat.
Your natural rate of healing is unusually fast.
You are covered in fur. (AC +1)
You have very tough skin. (AC +2)
You have a moderately thin skeletal structure. (Dex +4, Stealth+)
You are clumsy. (Dex -2)
Your body sometimes deteriorates upon taking damage.
Your flesh is heat resistant. (rF+)
Your spells are a little easier to cast, but a little less powerful.


Message History

You are too injured to fight recklessly!
You are too injured to fight recklessly!
You are too injured to fight recklessly!
You claw the wolf spider zombie!
The wolf spider zombie is severely damaged.
The wolf spider zombie hits you! The wolf spider zombie bites you.
You barely miss the wolf spider zombie.
The wolf spider zombie is severely damaged.
The wolf spider zombie hits you!
* * * LOW HITPOINT WARNING * * *
The wolf spider zombie bites you but does no damage.
You barely miss the wolf spider zombie.
The wolf spider zombie is severely damaged.
The wolf spider zombie hits you!
* * * LOW HITPOINT WARNING * * *
The wolf spider zombie bites you!
* * * LOW HITPOINT WARNING * * *
Unknown command.
The wolf spider zombie hits you!
You die...

*,,,,,********###.....#,,
#....,* #.....#,, #....,*
#.....#,, #.....* #..#+.#,,
#.....* #..#..#,,
#.....###########..#..###
#...........?......#,,#[.
**#..................#,,#..
*,.......Z@..........#..#..
*,.>.................#..#..
*,.........######....##.#..
*,.........#....'.......##'
*..........#....#..........
*..........#..?.#..........
*..........#....#..........
**#........#....#..........
#........#.####..........


You could see a wolf spider zombie.

Vanquished Creatures
  An anaconda (shapeshifter) (D:14)
  2 centaur warriors (D:14)
  5 two-headed ogres
  A wizard (D:14)
  Pikel (D:6)
  The ghost of AdmiralAndromeda the Tainter, a novice FoVM (Sewer)
  Maurice (D:8)
  3 trolls
  Prince Ribbit (D:8)
  A spriggan (D:7)
  9 humans (D:14)
  2 hungry ghosts
  3 vampire mosquitoes (D:12)
  A water moccasin (D:9)
  Duvessa (D:6)
  3 black bears
  5 orc warriors
  4 phantoms
  2 ice beasts
  7 ogres
  2 sky beasts
  An eye of draining (D:9)
  A necrophage (D:9)
  6 centaurs
  A big kobold (D:9)
  2 crocodiles
  Blork the orc (D:6)
  2 bullfrogs
  Dowan (D:6)
  A wyvern skeleton (D:14)
  4 scorpions
  4 wights (D:15)
  6 killer bees
  5 crimson imps
  A centaur zombie (D:5)
  2 bullfrog zombies
  A quasit (D:8)
  7 orc priests
  A centaur skeleton (D:6)
  6 hounds
  2 jellies
  An iguana (D:8)
  4 orc wizards
  Natasha (thrice) (D:3)
  3 worker ants
  2 hound zombies
  A hound skeleton (D:9)
  A worker ant zombie (D:8)
  8 adders
  A howler monkey skeleton (D:7)
  A river rat (D:5)
  An ooze (D:2)
  2 adder zombies
  A worm (D:2)
  A dart slug (D:1)
  4 leopard geckos
  36 orcs
  8 giant cockroaches
  7 goblins
  7 hobgoblins
  7 jackals
  7 kobolds
  4 quokkas
  A ball python (D:5)
  10 bats
  3 frilled lizards
  9 rats
244 creatures vanquished.

Vanquished Creatures (others)
  A phantom (D:6)
  A leopard gecko (D:6)
  A quokka (D:6)
3 creatures vanquished.

Grand Total: 247 creatures vanquished

Notes
Turn   | Place    | Note
-------+----------+-------------------------------------------
     0 | D:1      | Linguinho the Troll Hunter began the quest for the Orb.
     0 | D:1      | Reached XP level 1. HP: 19/19 MP: 0/0
   126 | D:1      | Reached XP level 2. HP: 28/28 MP: 1/1
   783 | D:2      | Reached XP level 3. HP: 33/35 MP: 2/2
   920 | D:2      | Found a hide-covered altar of Uskayaw.
  1502 | D:2      | Reached skill level 1 in Unarmed Combat
  1542 | D:3      | Noticed Natasha
  1550 | D:3      | Killed Natasha
  1550 | D:3      | Reached XP level 4. HP: 21/42 MP: 3/3
  1581 | D:3      | Found a glowing silver altar of Zin.
  1732 | D:3      | Found a shattered altar of Ashenzari.
  1764 | D:3      | Reached skill level 2 in Unarmed Combat
  2020 | D:3      | Noticed Natasha
  2026 | D:3      | Killed Natasha
  2159 | D:3      | Noticed Natasha
  2164 | D:3      | Killed Natasha
  2164 | D:3      | Reached XP level 5. HP: 47/49 MP: 4/4
  2451 | D:4      | Reached skill level 3 in Unarmed Combat
  2493 | D:4      | Noticed a water elemental
  2495 | D:4      | Found a stormy altar of Qazlal.
  2496 | D:4      | Noticed an air elemental
  2496 | D:4      | Noticed a fire elemental
  2838 | D:4      | Reached skill level 1 in Maces & Flails
  3299 | D:4      | Reached skill level 4 in Unarmed Combat
  3299 | D:4      | Reached XP level 6. HP: 43/57 MP: 5/5
  3451 | D:5      | Entered Level 5 of the Dungeon
  3614 | D:5      | Found a staircase to the Ecumenical Temple.
  3670 | D:5      | Found a glowing drain.
  3675 | Sewer    | Entered a sewer
  3677 | Sewer    | Noticed AdmiralAndromeda's ghost (novice FoVM)
  3739 | Sewer    | Killed AdmiralAndromeda's ghost
  3739 | Sewer    | Reached skill level 6 in Unarmed Combat
  3739 | Sewer    | Reached XP level 7. HP: 65/66 MP: 6/6
  3777 | Sewer    | Reached skill level 7 in Unarmed Combat
  3999 | D:5      | Reached XP level 8. HP: 14/74 MP: 7/7
  4095 | D:5      | Found a radiant altar of Vehumet.
  4151 | D:5      | Found Webouwn's Distillery.
  4207 | D:5      | Reached skill level 8 in Unarmed Combat
  4666 | D:6      | Noticed Blork the orc
  4681 | D:6      | HP: 3/75 [Blork the orc/puff of flame (10)]
  4720 | D:6      | Noticed Pikel
  4739 | D:6      | Killed Pikel
  4739 | D:6      | Reached skill level 5 in Throwing
  4739 | D:6      | Reached skill level 9 in Unarmed Combat
  4739 | D:6      | Reached XP level 9. HP: 55/83 MP: 8/8
  4821 | D:6      | Killed Blork the orc
  5283 | D:6      | Noticed Duvessa
  5283 | D:6      | Noticed Dowan
  5300 | D:6      | Killed Duvessa
  5302 | D:6      | Killed Dowan
  5302 | D:6      | Reached skill level 10 in Unarmed Combat
  5758 | D:7      | Found a shadowy altar of Dithmenos.
  6021 | D:8      | Found a shimmering altar of Xom.
  6288 | D:8      | Found a blossoming altar of Fedhas.
  6323 | D:8      | Reached skill level 11 in Unarmed Combat
  6556 | D:8      | Noticed a two-headed ogre
  6596 | D:8      | Killed a two-headed ogre
  6596 | D:8      | Reached XP level 10. HP: 63/92 MP: 9/9
  6669 | D:8      | Noticed Maurice
  6677 | D:8      | Killed Maurice
  6806 | D:8      | Noticed Prince Ribbit
  6812 | D:8      | Killed Prince Ribbit
  7421 | D:9      | Reached skill level 12 in Unarmed Combat
  7655 | D:9      | Reached skill level 5 in Maces & Flails
  7662 | D:9      | Noticed a two-headed ogre
  7672 | D:9      | Killed a two-headed ogre
  7727 | D:9      | Gained mutation: You are clumsy. (Dex -2) [mutagenic meat]
  7728 | D:9      | Gained mutation: You have a somewhat thin skeletal structure. (Dex +2, Stealth) [mutagenic meat]
  8404 | D:10     | Entered Level 10 of the Dungeon
  8419 | D:10     | Reached XP level 11. HP: 82/100 MP: 10/10
  8429 | D:10     | You fall through a shaft for 3 floors!
  8477 | D:12     | You fall through a shaft for 3 floors!
  8477 | D:15     | Entered Level 15 of the Dungeon
  8483 | D:15     | Reached skill level 13 in Unarmed Combat
  8583 | D:14     | Noticed a two-headed ogre
  8588 | D:14     | Killed a two-headed ogre
  8652 | D:14     | Reached skill level 1 in Evocations
  8667 | D:14     | Noticed a centaur warrior
  8671 | D:14     | Killed a centaur warrior
  8936 | D:14     | Noticed a centaur warrior
  8943 | D:14     | Killed a centaur warrior
  8947 | D:14     | Noticed a two-headed ogre
  8967 | D:14     | Killed a two-headed ogre
  9090 | D:14     | Noticed a two-headed ogre
  9095 | D:14     | Killed a two-headed ogre
  9316 | D:14     | Reached skill level 1 in Armour
  9324 | D:14     | Reached skill level 14 in Unarmed Combat
  9345 | D:14     | Noticed a wizard
  9378 | D:14     | Killed a wizard
  9401 | D:14     | Noticed a wizard
  9401 | D:14     | Noticed a wizard
  9419 | D:14     | Noticed an anaconda
  9426 | D:14     | Killed an anaconda
  9430 | D:14     | Gained mutation: Your body sometimes deteriorates upon taking damage. [mutagenic meat]
  9431 | D:14     | Gained mutation: Your flesh is heat resistant. (rF+) [mutagenic meat]
  9432 | D:14     | Gained mutation: Your spells are a little easier to cast, but a little less powerful. [mutagenic meat]
  9433 | D:14     | Gained mutation: You have a moderately thin skeletal structure. (Dex +4, Stealth+) [mutagenic meat]
  9522 | D:14     | Slain by a wolf spider zombie

Skill      XL: |  1  2  3  4  5  6  7  8  9 10 11 |
---------------+----------------------------------+-----
Throwing       | 4 5 6 7 8 |  8.4
Unarmed Combat | 1 2 4 6 7 9 11 12 14 | 14.2
Fighting       | 2 3 4 |  4.4
Maces & Flails | 1 2 3 4 5 6 |  6.2
Evocations     | 2 |  2.4
Armour         | 1 |  1.8
Short Blades   | |  0.1
Dodging        | |  1.5
Stealth        | |  0.3

Action                   |  1- 3 |  4- 6 |  7- 9 | 10-12 || total
-------------------------+-------+-------+-------+-------++-------
Melee: Short sword       |    36 |       |       |       ||    36
       Unarmed           |    60 |   173 |   200 |   240 ||   673
       Punch             |       |     2 |     6 |    16 ||    24
Throw: Javelin           |       |       |    57 |    17 ||    74
       Large rock        |       |       |     6 |     4 ||    10
       Tomahawk          |       |       |       |    82 ||    82
 Abil: Evoke Berserk Rag |       |       |       |     1 ||     1
  Use: Scroll            |       |       |     7 |    15 ||    22
       Potion            |       |       |     2 |     9 ||    11
 Stab: Distracted        |       |     1 |       |       ||     1
  Eat: Chunk             |    18 |    20 |    37 |    32 ||   107
Armor: Robe              |    39 |   168 |    69 |    19 ||   295
       Troll leather arm |       |       |       |    30 ||    30
Dodge: Dodged            |    55 |   119 |    89 |   101 ||   364
